 Dungeon Crawl Stone Soup version 0.29-a0-418-gc0181ea820 (webtiles) character file.

Game seed: 2655805632022841880

1626 Ijustatesigmund the Firebug (level 8, -7/60 HPs)
             Began as a Gnoll Fire Elementalist on May 17, 2022.
             Mangled by Duvessa
             ... wielding a +3 short sword of venom
              (9 damage)
             ... on level 6 of the Dungeon.
             The game lasted 00:14:28 (7069 turns).

Ijustatesigmund the Firebug (GnFE)                  Turns: 7069, Time: 00:14:28

Health: -7/60      AC:  5    Str:  8    XL:     8   Next: 97%
Magic:  11/17      EV: 14    Int: 16    God:
Gold:   274        SH:  0    Dex: 13    Spells: 11/19 levels left

rFire   . . .      SeeInvis .   c - +1 hand axe (flame)
rCold   . . .      Faith    .   q - orb {light}
rNeg    . . .      Spirit   .   a - +0 robe
rPois   .          Reflect  .   r - +0 helmet
rElec   .          Harm     .   (no cloak)
rCorr   .          Rampage  .   (no gloves)
Will    .....                   j - +1 pair of boots
Stlth   +.........              (no amulet)
HPRegen 0.20/turn               (no ring)
MPRegen 0.15/turn               (no ring)

@: lethally poisoned (-7 -> -53), glowing
A: fangs 1, strong nose, distributed training
a: no special abilities


You were on level 6 of the Dungeon.
You visited 1 branch of the dungeon, and saw 6 of its levels.
You also visited: Sewer.

You collected 274 gold pieces.

Inventory:

Hand Weapons
 c - a +1 hand axe of flaming (weapon)
Missiles
 v - 4 silver javelins
Armour
 a - a +0 robe (worn)
 j - a +1 pair of boots (worn)
 q - an orb of light (worn)
 r - a +0 helmet (worn)
Jewellery
 k - a ring of poison resistance
 m - a ring of resist corrosion
Wands
 n - a wand of acid (3)
Scrolls
 d - a scroll of torment
 f - 2 scrolls of fear
 h - 8 scrolls of identify
 i - 5 scrolls of teleportation
 s - 2 scrolls of amnesia
 t - 2 scrolls of magic mapping
Potions
 b - a potion of magic
 e - 4 potions of attraction
 g - 4 potions of curing
 l - a potion of invisibility
 o - 2 potions of berserk rage
 u - a potion of brilliance {unknown}


   Skills:
 + Level 3.7 Fighting
 + Level 3.7 Short Blades
 + Level 3.7 Long Blades
 + Level 3.7 Axes
 + Level 3.7 Maces & Flails
 + Level 3.7 Polearms
 + Level 3.7 Staves
 + Level 3.7 Slings
 + Level 3.7 Bows
 + Level 3.7 Crossbows
 + Level 3.7 Throwing
 + Level 3.7 Armour
 + Level 6.0 Dodging
 + Level 5.6 Stealth
 + Level 3.7 Shields
 + Level 3.7 Unarmed Combat
 + Level 6.3 Spellcasting
 + Level 3.8 Conjurations
 + Level 3.0 Hexes
 + Level 3.0 Summonings
 + Level 3.0 Necromancy
 + Level 3.0 Translocations
 + Level 3.0 Transmutations
 + Level 6.3 Fire Magic
 + Level 3.0 Ice Magic
 + Level 3.0 Air Magic
 + Level 3.0 Earth Magic
 + Level 3.0 Poison Magic
 + Level 4.1 Invocations
 + Level 3.7 Evocations


You had 11 spell levels left.
You knew the following spells:

 Your Spells              Type           Power      Damage    Failure   Level
a - Foxfire               Conj/Fire      84%        2x1d8     1%          1
b - Scorch                Fire           50%        2d7       1%          2
c - Flame Wave            Conj/Fire      21%        2d7       17%         4
d - Apportation           Tloc           28%        N/A       3%          1

Your spell library contained the following spells:

 Spells                   Type           Power      Damage    Failure   Level
 Animate Skeleton         Necr           28%        N/A       3%          1
 Summon Small Mammal      Summ           56%        N/A       3%          1
 Conjure Flame            Conj/Fire      21%        6-21      4%          3
 Inner Flame              Hex/Fire       20%        N/A       6%          3


Dungeon Overview and Level Annotations

Branches:
Dungeon (6/15)             Temple (0/1) D:6           Sewer (visited)

Altars:
Yredelemnul

Annotations:
D:6 Duvessa


Innate Abilities, Weirdness & Mutations

You have very sharp teeth.
Your uncanny sense of smell can sniff out nearby items.
Your experience applies equally to all skills.


Message History

Duvessa hits you with a +3 short sword of venom!
* * * LOW HITPOINT WARNING * * *
You are lethally poisoned!
Unknown command.
You feel better. Duvessa misses you. Duvessa closely misses you.
Your surroundings suddenly seem different.
You hear a shout!
You start resting.
You hear a shout! x10
Magic restored.
You start resting.
You hear a shout! x35
Duvessa is nearby!
Aiming: Corrosive Bolt
Press: ? - help, Shift-Dir - straight line, f - Duvessa
Aim: Duvessa, wielding a +3 short sword of venom and wearing a +0 leather armour (berserk, haloed, 84% to hit)
The bolt of acid misses Duvessa.
Casting: Scorch (safe; 1% risk of failure)
Confirm with . or Enter, or press ? or * to list all spells.
Casting: Flame Wave (dangerous; 17% risk of failure)
Press: ? - help, Dir - look around, f - activate A wave of flame ripples out!
The flame wave engulfs Duvessa!
Duvessa is lightly wounded. (Press . to intensify the flame waves.) Duvessa hits you with a +3 short sword of venom!!
You are poisoned.
Duvessa closely misses you.
A wave of flame ripples out!
The flame wave engulfs Duvessa!
Duvessa is moderately wounded.
You feel very sick.
Duvessa hits you with a +3 short sword of venom.
A wave of flame ripples out!
The flame wave engulfs Duvessa!
Duvessa is heavily wounded.
You finish channelling waves of flame.
You feel very sick.
Duvessa hits you with a +3 short sword of venom!!
* * * LOW HITPOINT WARNING * * *
You are more poisoned.
Duvessa hits you with a +3 short sword of venom!
You die...

#### ..#
#.# #@# #
......e.#
###
#####.###
.. #. .#
# .#
.########
........#
#####
#######.#
#.e.#


You could see Duvessa (berserk).

Vanquished Creatures
  3 yaks (D:5)
  Eustachio (D:6)
  A water moccasin (Sewer)
  A black bear (D:5)
  A sky beast (D:6)
  An ogre (D:5)
  A centaur (D:5)
  A necrophage (D:4)
  Dowan (D:6)
  A howler monkey (D:6)
  4 hounds
  6 iguanas
  6 adders
  A shadow imp (D:6)
  A white imp (D:5)
  3 worms (D:2)
  A dart slug (D:2)
  2 orcs
  5 bats
  5 endoplasms
  7 giant cockroaches
  10 goblins
  9 hobgoblins
  9 jackals
  10 quokkas
  6 ball pythons
  4 frilled lizards
  10 kobolds
  6 rats
117 creatures vanquished.

Vanquished Creatures (others)
  216 foxfires
216 creatures vanquished.

Grand Total: 333 creatures vanquished

Notes
Turn   | Place    | Note
-------+----------+-------------------------------------------
     0 | D:1      | Ijustatesigmund the Gnoll Fire Elementalist began the quest
                  | for the Orb.
     0 | D:1      | Reached XP level 1. HP: 13/13 MP: 6/6
   149 | D:1      | Reached XP level 2. HP: 19/19 MP: 4/7
   164 | D:1      | Learned a level 2 spell: Scorch
   746 | D:1      | Reached XP level 3. HP: 25/25 MP: 5/9
   796 | D:1      | Reached skill level 5 in Spellcasting
  1362 | D:2      | Reached skill level 1 in Invocations
  1655 | D:2      | Reached skill level 1 in Fighting
  1655 | D:2      | Reached skill level 1 in Short Blades
  1655 | D:2      | Reached skill level 1 in Long Blades
  1655 | D:2      | Reached skill level 1 in Axes
  1655 | D:2      | Reached skill level 1 in Maces & Flails
  1655 | D:2      | Reached skill level 1 in Polearms
  1655 | D:2      | Reached skill level 1 in Staves
  1655 | D:2      | Reached skill level 1 in Slings
  1655 | D:2      | Reached skill level 1 in Bows
  1655 | D:2      | Reached skill level 1 in Crossbows
  1655 | D:2      | Reached skill level 1 in Throwing
  1655 | D:2      | Reached skill level 1 in Armour
  1655 | D:2      | Reached skill level 1 in Shields
  1655 | D:2      | Reached skill level 1 in Unarmed Combat
  1655 | D:2      | Reached skill level 1 in Evocations
  1704 | D:2      | Reached XP level 4. HP: 32/32 MP: 6/11
  2574 | D:3      | Reached skill level 1 in Hexes
  2574 | D:3      | Reached skill level 1 in Summonings
  2574 | D:3      | Reached skill level 1 in Necromancy
  2574 | D:3      | Reached skill level 1 in Translocations
  2574 | D:3      | Reached skill level 1 in Transmutations
  2574 | D:3      | Reached skill level 1 in Ice Magic
  2574 | D:3      | Reached skill level 1 in Air Magic
  2574 | D:3      | Reached skill level 1 in Earth Magic
  2574 | D:3      | Reached skill level 1 in Poison Magic
  2694 | D:3      | Found a basalt altar of Yredelemnul.
  3256 | D:3      | Found a faded altar of an unknown god.
  3580 | D:4      | Reached XP level 5. HP: 37/37 MP: 7/12
  3893 | D:4      | Reached XP level 6. HP: 13/44 MP: 6/13
  4511 | D:5      | Entered Level 5 of the Dungeon
  4567 | D:5      | Noticed a black bear
  4576 | D:5      | Killed a black bear
  4577 | D:5      | Reached skill level 5 in Dodging
  4646 | D:5      | Found a glowing drain.
  4653 | Sewer    | Entered a sewer
  4751 | Sewer    | Noticed a water moccasin
  4756 | Sewer    | Killed a water moccasin
  4757 | Sewer    | Reached XP level 7. HP: 51/51 MP: 9/15
  4961 | D:5      | Learned a level 4 spell: Flame Wave
  5303 | D:5      | Reached skill level 5 in Stealth
  5579 | D:5      | Noticed a yak
  5579 | D:5      | Noticed a yak
  5579 | D:5      | Noticed a yak
  5590 | D:5      | Killed a yak
  5591 | D:5      | Reached XP level 8. HP: 46/57 MP: 10/16
  5594 | D:5      | Killed a yak
  5599 | D:5      | HP: 1/58 [yak (15)]
  5600 | D:5      | Killed a yak
  6506 | D:6      | Found a staircase to the Ecumenical Temple.
  6574 | D:6      | Noticed Eustachio
  6589 | D:6      | Killed Eustachio
  6709 | D:6      | Learned a level 1 spell: Apportation
  6873 | D:6      | Noticed Duvessa
  6874 | D:6      | Noticed Dowan
  6877 | D:6      | Killed Dowan
  7069 | D:6      | HP: 2/60 [Duvessa/+3 short sword of venom (22)]
  7069 | D:6      | Mangled by Duvessa

Illustrated notes

Levels and vault maps discovered:
D:1:      amcnicky_arrival_double_pillar, layout_basic
D:2:      layout_loops_ring
D:3:      layout_loops_cross, old_standard_altar,
          chequers_ecumenical_altar_lobes, minmay_misc_feat_square,
          corexii_shack
D:4:      layout_rooms, serial_glass, glass_columns_b, glass_columns_b
D:5:      layout_basic, gup_sewer_entry_pipe, ebering_dispersal_statue_hall,
          grunt_ministairs_15
D:6:      layout_basic, minmay_temple_entry_ruins, uniq_duvessa, uniq_eustachio

Skill      XL: |  1  2  3  4  5  6  7  8 |
---------------+-------------------------+-----
Conjurations   | 2 3 |  3.8
Spellcasting   | 5 6 |  6.3
Invocations    | 1 2 3 4 |  4.1
Fighting       | 1 2 3 |  3.7
Short Blades   | 1 2 3 |  3.7
Long Blades    | 1 2 3 |  3.7
Axes           | 1 2 3 |  3.7
Maces & Flails | 1 2 3 |  3.7
Polearms       | 1 2 3 |  3.7
Staves         | 1 2 3 |  3.7
Slings         | 1 2 3 |  3.7
Bows           | 1 2 3 |  3.7
Crossbows      | 1 2 3 |  3.7
Throwing       | 1 2 3 |  3.7
Armour         | 1 2 3 |  3.7
Shields        | 1 2 3 |  3.7
Unarmed Combat | 1 2 3 |  3.7
Evocations     | 1 2 3 |  3.7
Hexes          | 1 2 3 |  3.0
Summonings     | 1 2 3 |  3.0
Necromancy     | 1 2 3 |  3.0
Translocations | 1 2 3 |  3.0
Transmutations | 1 2 3 |  3.0
Ice Magic      | 1 2 3 |  3.0
Air Magic      | 1 2 3 |  3.0
Earth Magic    | 1 2 3 |  3.0
Poison Magic   | 1 2 3 |  3.0
Dodging        | 5 6 |  6.0
Stealth        | 5 |  5.6
Fire Magic     | 6 |  6.3

Action                   |  1- 3 |  4- 6 |  7- 9 || total
-------------------------+-------+-------+-------++-------
Melee: Short sword       |    19 |       |       ||    19
       Bite              |     2 |     3 |     5 ||    10
       Dagger            |     1 |    15 |       ||    16
       Punch             |     1 |     1 |       ||     2
       Mace              |       |     2 |       ||     2
       Hand axe          |       |    12 |    26 ||    38
 Cast: Foxfire           |    63 |    51 |    17 ||   131
       Scorch            |     6 |    33 |    26 ||    65
       Flame Wave        |       |       |     4 ||     4
       Apportation       |       |       |     1 ||     1
Evoke: Wand              |       |       |     5 ||     5
  Use: Scroll            |       |    10 |     5 ||    15
       Potion            |       |       |     4 ||     4
 Stab: Sleeping          |       |       |     1 ||     1
Armor: Robe              |     6 |    10 |    10 ||    26
Dodge: Dodged            |    28 |    28 |    58 ||   114

Table legend: (Time is in decaauts)
 A = Elapsed time spent in this place.
 B = Non-inter-level travel time spent in this place.
 C = Inter-level travel time spent in this place.
 D = Time resting spent in this place.
 E = Time spent auto-exploring this place.
 F = Levels seen in this place.
 G = Mean time per level.
                   A        B        C        D        E       F      G
               +--------+--------+--------+--------+--------+-----+--------+
         Total |   7095 |   6905 |    190 |   1754 |   4208 |   7 | 1013.6 |
       Dungeon |   6790 |   6600 |    190 |   1581 |   4113 |   6 | 1131.7 |
         Sewer |    305 |    305 |      0 |    173 |     94 |   1 |  305.0 |
               +--------+--------+--------+--------+--------+-----+--------+

Top non-repeatable levels by time:
     D:5: 1595 daAuts
     D:2: 1254 daAuts
     D:1: 1235 daAuts
     D:4: 1159 daAuts
     D:3: 884 daAuts
     D:6: 662 daAuts
   Sewer: 305 daAuts
